 Dungeon Crawl Stone Soup version 0.18.1-8-gdd0e5ea (webtiles) character file.

81 Hercules the Shield-Bearer (level 4, 0/37 HPs)
             Began as a Demigod Fighter on May 23, 2016.
             Succumbed to an adder's poison
             ... on level 2 of the Dungeon.
             The game lasted 00:02:24 (1058 turns).

Hercules the Shield-Bearer (Demigod Fighter)        Turns: 1058, Time: 00:02:25

Health: 0/37       AC:  6    Str: 19    XL:     4   Next: 0%
Magic:  6/6        EV:  7    Int: 12    God:
Gold:   116        SH: 10    Dex: 17    Spells: 0 memorised, 3 levels left

rFire  . . .     SeeInvis .     a - +0 long sword
rCold  . . .     Gourm    .     b - +0 scale mail
rNeg   . . .     Faith    .     c - +0 shield
rPois  .         Spirit   .     (no helmet)
rElec  .         Dismiss  .     (no cloak)
rCorr  .         Reflect  .     (no gloves)
SustAt +         Harm     .     (no boots)
MR     .....                    (no amulet)
Stlth  ..........               (no ring)
                                (no ring)

@: lethally poisoned (0 -> -2), not resistant to hostile enchantments, extremely
unstealthy
A: high mp 1, sustain attributes
a: no special abilities


You were on level 2 of the Dungeon.
You were not hungry.

You visited 1 branch of the dungeon, and saw 2 of its levels.

You collected 116 gold pieces.

Inventory:

Hand Weapons
 a - a +0 long sword (weapon)
Armour
 b - a +0 scale mail (worn)
 c - a +0 shield (worn)
Scrolls
 e - a scroll of remove curse
 h - a scroll of identify
Potions
 d - a potion of might
 i - a potion of flight
Comestibles
 f - a bread ration
 g - a slice of pizza
 j - a chunk of flesh
 k - a meat ration


   Skills:
 - Level 2.6 Fighting
 + Level 2.4 Long Blades
 - Level 2.6 Armour
 * Level 4.2 Shields


You had 3 spell levels left.
You didn't know any spells.

Dungeon Overview and Level Annotations

Branches:
Dungeon (2/15)


Innate Abilities, Weirdness & Mutations

You have an increased reservoir of magic (+10% MP).
Your attributes are resistant to harm.


Message History

There is a lethal amount of poison in your body!
There is a lethal amount of poison in your body!
There is a lethal amount of poison in your body!
* * * LOW HITPOINT WARNING * * *
You feel sick.
* * * LOW HITPOINT WARNING * * *
You feel sick.
Drink which item? (? for menu, Esc to quit)
Okay, then.
Read which item? (? for menu, Esc to quit)
As you read the scroll labeled QANORHUSKAEL, it crumbles to dust.
You feel blessed for a moment.
It was a scroll of remove curse.
Read which item? (? for menu, Esc to quit)
As you read the scroll labeled GICINO NERITI, it crumbles to dust.
It is a scroll of identify.
You don't have any unidentified items.
* * * LOW HITPOINT WARNING * * *
You feel sick.
There is a lethal amount of poison in your body!
You die...

#.# #<#####.#########.#.# #.
#.# #.((.(.(.)........#.# #.
..# #######.#########)#.# #.
### #.# #....######. #.#
##..###...... #.####
#............ #....#
#..####...... ####.# #..#
#....... #@# #..# #....### #.#
#..# #....#
#############.####..# #....#
#...................###.##.#
#.###########.........#.##.###
#.# #.......)...##.... #)#
#.####.##.#.#####. #...# #.#
#.##.#.# #. #..... #.#
#.##.#.#####.


There were no monsters in sight!

Vanquished Creatures
  3 adders (D:2)
  2 worms (D:2)
  A dart slug (D:1)
  A giant gecko (D:1)
  2 bats
  2 giant cockroaches (D:2)
  7 goblins
  5 hobgoblins
  6 jackals
  A quokka (D:2)
  3 giant newts
  8 kobolds
41 creatures vanquished.

Notes
Turn   | Place    | Note
--------------------------------------------------------------
     0 | D:1      | Hercules the Demigod Fighter began the quest for the Orb.
     0 | D:1      | Reached XP level 1. HP: 18/18 MP: 3/3
   121 | D:1      | Reached skill level 3 in Shields
   185 | D:1      | Reached XP level 2. HP: 20/25 MP: 4/4
   751 | D:2      | Reached XP level 3. HP: 27/30 MP: 5/5
   888 | D:2      | Reached skill level 4 in Shields
  1044 | D:2      | Reached XP level 4. HP: 4/37 MP: 6/6
  1051 | D:2      | HP: 1/37 [poisoned by an adder]
  1058 | D:2      | Succumbed to an adder's poison

Skill      XL: |  1  2  3 |
---------------+----------+-----
Shields        | 3 4 |  4.2
Long Blades    | 2 |  2.4
Fighting       | |  2.6
Armour         | |  2.6

Action                   |  1- 3 |  4- 6 || total
-------------------------+-------+-------++-------
Melee: Long sword        |   142 |       ||   142
  Use: Potion            |     3 |       ||     3
       Scroll            |       |     2 ||     2
  Eat: Chunk             |     1 |       ||     1
Armor: Scale mail        |    56 |       ||    56
Dodge: Dodged            |    44 |       ||    44
Block: Shield            |    73 |       ||    73
